 Dungeon Crawl Stone Soup version 0.32-a0-933-ga8fa363 (webtiles) character file.

Game seed: 12279934058084774806

27709 move the Destroyer (level 13, 0/99 (102) HPs)
             Began as a Troll Earth Elementalist on Apr 12, 2024.
             Was a High Priest of Vehumet.
             Slain by a hell rat (5 damage)
             ... on level 3 of the Lair of Beasts on Apr 14, 2024.
             The game lasted 00:54:08 (13818 turns).

move the Destroyer (Troll Earth Elementalist)      Turns: 13818, Time: 00:54:09

HP:   0/99 (102)    AC: 10    Str: 24    XL:     13   Next: 5%
MP:   32/34         EV:  9    Int: 19    God:    Vehumet [*****.]
Gold: 711           SH:  0    Dex: 16    Spells: 16/30 levels left

rFire   + . .        n - staff of conjuration
rCold   + + .        (no shield)
rNeg    . . .        V - +3 steam dragon scales
rPois   .            y - +0 hat {Will+}
rElec   .            j - scarf {rC+ rF+}
rCorr   .            (gloves unavailable)
SInv    .            (boots unavailable)
Will    +....        s - amulet of magic regeneration
Stlth   ++           S - ring of Ravvuoch {^Contam rC+ MP+9 Str+5 Dex+6}
HPRegen 1.16/turn    K - +6 ring of intelligence
MPRegen 0.64/turn

%: clarity
@: lightly drained
A: large, unfitting armour, claws 3, regeneration 1, shaggy fur 1, tough skin 1,
clarity, dopey 1
a: Renounce Religion


You were on level 3 of the Lair of Beasts.
You worshipped Vehumet.
Vehumet was extremely pleased with you.
You visited 3 branches of the dungeon, and saw 16 of its levels.

You collected 711 gold pieces.

Inventory:

Hand Weapons
 o - a +2 dagger of flaming
 F - a +0 orcbow of freezing
Missiles
 r - 2 atropa-tipped darts
 v - 7 javelins
 H - 3 throwing nets
Armour
 j - a scarf of resistance (worn)
 y - a +0 hat of willpower (worn)
 V - +3 steam dragon scales (worn)
Magical Staves
 g - a staff of cold
 n - a staff of conjuration (weapon)
Jewellery
 q - a ring of resist corrosion
 s - an amulet of magic regeneration (around neck)
 K - a +6 ring of intelligence (right claw)
 R - a ring of protection from fire
 S - the ring of Ravvuoch (left claw) {^Contam rC+ MP+9 Str+5 Dex+6}
   (You found it on level 11 of the Dungeon)

   [ring of dexterity]

   Str+5:     It affects your strength (+5).
   Dex+6:     It affects your dexterity (+6).
   rC+:       It protects you from cold.
   MP+9:      It affects your magic capacity (+9).
   ^Contam:   It causes magical contamination when unequipped.
 U - a ring of wizardry
Talismans
 h - a maw talisman
 i - a flux talisman
 u - a blade talisman
Wands
 a - a wand of mindburst (10)
 m - a wand of paralysis (4)
 A - a wand of flame (31)
 E - a wand of iceblast (5)
Scrolls
 d - 2 scrolls of summoning
 e - 6 scrolls of teleportation
 f - a scroll of blinking
 p - 2 scrolls of fog
 t - a scroll of revelation
 L - 3 scrolls of poison
 T - a scroll of fear
Potions
 b - 2 potions of magic
 c - a potion of cancellation {unknown}
 k - a potion of resistance
 l - a potion of enlightenment
 w - 3 potions of curing
 z - a potion of experience {unknown}
 C - 2 potions of heal wounds
 I - 3 potions of haste


   Skills:
 - Level 1.5 Dodging
 - Level 1.0 Stealth
 * Level 9.4 Spellcasting
 * Level 11.0 Conjurations
 + Level 9.7 Earth Magic


You had 16 spell levels left.
You knew the following spells:

 Your Spells              Type           Power      Damage    Failure   Level
a - Sandblast             Erth           92%        2d19      1%          1
b - Stone Arrow           Conj/Erth      100%       3d13      1%          3
c - Brom's Barrelling Bo  Conj/Erth      64%        2d8       1%          4
d - Foxfire               Conj/Fire      100%       2x1d9     1%          1
e - Freezing Cloud        Conj/Ice/Air   17%        6-21      13%         5

Your spell library contained the following spells:

 Spells                   Type           Power      Damage    Failure   Level
 Yara's Violent Unravell  Hex/Alch       4%         3d4       45%         5
 Kiss of Death            Conj/Necr      100%       2d13      1%          1
 Sting                    Conj/Alch      100%       1d9       1%          1
 Passwall                 Erth           46%        N/A       1%          3
 Mercury Vapours          Alch/Air       16%        N/A       3%          2
 Apportation              Tloc           16%        N/A       8%          1
 Necrotise                Necr           32%        1d5       8%          1
 Summon Small Mammal      Summ           32%        N/A       8%          1
 Petrify                  Alch/Erth      27%        N/A       11%         4
 Cigotuvi's Dreadful Rot  Necr/Alch/Air  16%        N/A       12%         2
 Ignite Poison            Fire/Alch      8%         N/A       21%         4
 Olgreb's Toxic Radiance  Alch           8%         N/A       21%         4
 Confusing Touch          Hex            8%         N/A       24%         3
 Fugue of the Fallen      Necr           8%         N/A       24%         3
 Ozocubu's Armour         Ice            8%         N/A       24%         3
 Borgnjor's Vile Clutch   Necr/Erth      13%        N/A       30%         5
 Animate Dead             Necr           8%         N/A       61%         4
 Dispel Undead            Necr           8%         3d8       61%         4
 Death Channel            Necr           4%         N/A       100%        6
 Manifold Assault         Tloc           4%         N/A       100%        7


Dungeon Overview and Level Annotations

Branches:
Dungeon (12/15)            Temple (1/1) D:5            Lair (3/5) D:11
 Shoals (0/4) Lair:2       Spider (0/4) Lair:2          Orc (0/2) D:9

Altars:
Ashenzari
Cheibriados
Dithmenos
Elyvilon
Fedhas
Gozag
Hepliaklqana
Kikubaaqudgha
Makhleb
Nemelex Xobeh
Okawaru
Qazlal
Ru
Sif Muna
Trog
Uskayaw
Vehumet
Wu Jian
Xom
Yredelemnul
Zin
The Shining One

Shops:
D:3 [   D:6 *   D:11 [

Portals:
Abyss: D:7
Trove: D:10 (show abyssal rune of Zot)

Annotations:
D:7 1 transporter, jinhoftyu's ghost, novice MfGl
D:8 2 transporters, Dega's ghost, novice SpHu


Innate Abilities, Weirdness & Mutations

You are too large for most types of armour.
You have claws for hands.
Your natural rate of healing is unusually fast.
You are covered in fur. (AC +1)
You have tough skin. (AC +1)
You possess an exceptional clarity of mind.
You are dopey. (Int -2)


Message History

Aiming: Sandblast (safe; 1% risk of failure)
Press: ? - help, Shift-Dir - straight line, f/p - hell rat
Aim: a hell rat (moderately wounded, 85% to hit)
The blast of sand hits the hell rat.
The hell rat is heavily wounded.
You are engulfed in freezing vapours.
You resist.
Unknown command.
Casting: Sandblast (safe; 1% risk of failure)
Confirm with . or Enter, or press ? or * to list all spells.
Aiming: Sandblast (safe; 1% risk of failure)
Press: ? - help, Shift-Dir - straight line, f/p - hell rat
Aim: a hell rat (heavily wounded, 85% to hit)
The blast of sand misses the hell rat.
You are engulfed in freezing vapours.
You resist. The hell rat bites you!
* * * LOW HITPOINT WARNING * * *
Unknown command.
Casting: Sandblast (safe; 1% risk of failure)
Confirm with . or Enter, or press ? or * to list all spells.
Aiming: Sandblast (safe; 1% risk of failure)
Press: ? - help, Shift-Dir - straight line, f/p - hell rat
Aim: a hell rat (heavily wounded, 85% to hit)
The blast of sand hits the hell rat!
You kill the hell rat!
Vehumet accepts your kill.
You feel your power returning.
You are engulfed in freezing vapours.
You resist.
* * * LOW HITPOINT WARNING * * *
The hell rat barely misses you.
Casting: Sandblast (safe; 1% risk of failure)
Confirm with . or Enter, or press ? or * to list all spells.
Aiming: Stone Arrow (safe; 1% risk of failure)
Press: ? - help, Shift-Dir - straight line, f - hell rat
Aim: a hell rat (78% to hit)
You feel a surge of power!
The stone arrow misses the hell rat.
You are engulfed in freezing vapours.
You resist.
* * * LOW HITPOINT WARNING * * *
The hell rat bites you!
* * * LOW HITPOINT WARNING * * *
You feel drained.
You die...

. .. ...
....
.....####
#..°.##
#P○@§#
##○☼r..#
##°.°.....
#.○○○....
☼.°.....~
.##.≈..≈~
# ..≈≈≈.
#.....


You could see a hell rat.

Vanquished Creatures
  Gastronok (Lair:1)
  Harold (Lair:1)
  A hydra (Lair:2)
  A boulder beetle (D:11)
  A two-headed ogre (D:9)
  5 skeletal warriors (D:11)
  2 manticores (D:11)
  13 elephants (Lair:2)
  Joseph (D:7)
  A gargoyle (D:11)
  Maggie (Lair:1)
  2 cane toads (Lair:1)
  Psyche (D:9)
  A rime drake (Lair:2)
  The ghost of Huckle the Twirler, a novice DEGl (D:5)
  A komodo dragon (Lair:2)
  4 trolls
  Grinder (D:4)
  2 jumping spiders (Lair:2)
  2 hornets
  7 dream sheep (Lair:3)
  Sigmund (D:5)
  2 shadows
  A wraith (D:10)
  18 yaks
  4 basilisks
  2 redbacks (Lair:2)
  5 vampire mosquitoes
  Edmund (D:4)
  10 water moccasins
  4 orc warriors
  A sky beast (D:6)
  4 black bears
  A swamp drake (D:9)
  3 ice beasts
  An ogre (D:6)
  6 wolves (Lair:1)
  6 centaurs
  Blork the orc (D:6)
  7 bullfrogs
  A gnoll sergeant (D:9)
  3 scorpions
  14 wights
  3 howler monkeys
  2 jellies
  4 bombardier beetles
  6 hounds
  9 orc priests
  A gnoll bouda (D:7)
  4 iguanas
  3 sleepcaps
  7 orc wizards
  3 hell rats (Lair:3)
  7 gnolls
  7 adders
  3 white imps
  4 ufetubi
  4 dart slugs
  32 orcs
  5 ball pythons
  A bat (D:1)
  6 endoplasms
  5 goblins
  11 hobgoblins
  10 jackals (D:1)
  5 quokkas
  7 frilled lizards
  3 kobolds
  7 rats
305 creatures vanquished.

Vanquished Creatures (collateral kills)
  An orc warrior (D:7)
  2 orcs
3 creatures vanquished.

Vanquished Creatures (others)
  An orc (D:9)
  86 foxfires
87 creatures vanquished.

Grand Total: 395 creatures vanquished

Notes
Turn   | Place    | Note
-------+----------+-------------------------------------------
     0 | D:1      | move the Troll Earth Elementalist began the quest for the
                  | Orb.
     0 | D:1      | Reached XP level 1. HP: 16/16 MP: 1/1
    86 | D:1      | Reached skill level 1 in Conjurations
   116 | D:1      | Reached XP level 2. HP: 18/24 MP: 3/3
   387 | D:1      | Reached XP level 3. HP: 26/31 MP: 4/4
   659 | D:1      | Found a faded altar of an unknown god.
  1208 | D:2      | Learned a level 3 spell: Stone Arrow
  1566 | D:2      | Reached XP level 4. HP: 39/39 MP: 5/5
  1793 | D:3      | Reached skill level 2 in Conjurations
  1834 | D:3      | Found Peomink's Antique Armour Emporium.
  2136 | D:3      | Reached XP level 5. HP: 45/45 MP: 7/7
  2489 | D:4      | Noticed Edmund
  2489 | D:4      | Noticed Grinder
  2491 | D:4      | Paralysed by Grinder for 5 turns
  2640 | D:4      | Reached XP level 6. HP: 51/53 MP: 2/8
  2878 | D:4      | Killed Grinder
  2879 | D:4      | Reached skill level 3 in Conjurations
  2965 | D:4      | Reached XP level 7. HP: 7/59 MP: 8/10
  3072 | D:4      | Killed Edmund
  3417 | D:5      | Entered Level 5 of the Dungeon
  3417 | D:5      | Found a staircase to the Ecumenical Temple.
  3455 | Temple   | Entered the Ecumenical Temple
  3463 | Temple   | Became a worshipper of Vehumet
  3588 | D:5      | Reached skill level 4 in Conjurations
  3611 | D:5      | Learned a level 4 spell: Brom's Barrelling Boulder
  3612 | D:5      | Found a runed translucent door.
  3761 | D:5      | Noticed Huckle's ghost (novice DEGl)
  3820 | D:5      | Killed Huckle's ghost
  3821 | D:5      | Reached XP level 8. HP: 46/67 MP: 1/13
  3870 | D:5      | Upgraded the game from 0.32-a0-924-gf9495cf to
                  | 0.32-a0-933-ga8fa363
  3926 | D:5      | Noticed Sigmund
  3932 | D:4      | Reached skill level 5 in Earth Magic
  3958 | D:4      | Reached skill level 5 in Conjurations
  4104 | D:5      | Killed Sigmund
  4144 | D:5      | Found a blossoming altar of Fedhas.
  4200 | D:5      | Found an iron altar of Okawaru.
  4364 | D:5      | Found a snail-covered altar of Cheibriados.
  4491 | D:6      | Reached * piety under Vehumet
  4491 | D:6      | Offered knowledge of Foxfire by Vehumet.
  4535 | D:6      | Found a bloodstained altar of Trog.
  4538 | D:6      | Learned a level 1 spell: Foxfire
  4863 | D:6      | Reached XP level 9. HP: 74/74 MP: 7/15
  5044 | D:6      | Noticed Blork the orc
  5045 | D:6      | Found Utout's CLEARANCE SALE!.
  5050 | D:6      | Killed Blork the orc
  5051 | D:6      | Reached skill level 5 in Spellcasting
  5703 | D:7      | Found a transporter.
  5722 | D:7      | Paralysed by a hornet for 1 turns
  5724 | D:7      | Reached skill level 6 in Conjurations
  5783 | D:7      | Noticed a white ugly thing
  5783 | D:7      | Noticed jinhoftyu's ghost (novice MfGl)
  5783 | D:7      | Noticed an ancient zyme
  5783 | D:7      | Noticed Joseph
  5783 | D:7      | Found a one-way gate to the infinite horrors of the Abyss.
  5787 | D:7      | Gained mutation: You are vulnerable to heat. (rF-) [potion
                  | of mutation]
  5787 | D:7      | Gained mutation: You sometimes lose your temper in combat.
                  | [potion of mutation]
  6337 | D:7      | Found a hide-covered altar of Uskayaw.
  6347 | D:7      | Found a sacrificial altar of Ru.
  6458 | D:7      | Killed Joseph
  6522 | D:7      | Found a transporter.
  6927 | D:8      | Reached ** piety under Vehumet
  7016 | D:8      | Offered knowledge of Mercury Vapours by Vehumet.
  7077 | D:8      | Identified the +8 great mace "Demonslayer" {flame, rElec
                  | Will+}
  7077 | D:8      | Noticed a two-headed ogre
  7078 | D:8      | Noticed Dega's ghost (novice SpHu)
  7079 | D:8      | Found a transporter.
  7145 | D:8      | Reached skill level 7 in Conjurations
  7204 | D:8      | Found a transporter.
  7507 | D:8      | Found a burning altar of Makhleb.
  7845 | D:9      | Reached XP level 10. HP: 70/78 MP: 12/18
  8348 | D:9      | Found a staircase to the Orcish Mines.
  8500 | D:9      | Lost mutation: You are vulnerable to heat. (rF-) [potion of
                  | mutation]
  8500 | D:9      | Lost mutation: You sometimes lose your temper in combat.
                  | [potion of mutation]
  8500 | D:9      | Gained mutation: You possess an exceptional clarity of
                  | mind. [potion of mutation]
  8500 | D:9      | Gained mutation: You are dopey. (Int -2) [potion of
                  | mutation]
  8688 | D:9      | Noticed a two-headed ogre
  8710 | D:9      | Killed a two-headed ogre
  8727 | D:9      | Offered knowledge of Static Discharge by Vehumet.
  8913 | D:9      | Noticed Psyche
  9121 | D:9      | Killed Psyche
  9217 | D:10     | Entered Level 10 of the Dungeon
  9275 | D:10     | Found a stormy altar of Qazlal.
  9351 | D:10     | Reached *** piety under Vehumet
  9430 | D:10     | Reached skill level 8 in Conjurations
  9678 | D:10     | Found a shimmering altar of Xom.
  9924 | D:10     | Reached XP level 11. HP: 88/88 MP: 10/20
  9931 | D:10     | Offered knowledge of Fulminant Prism by Vehumet.
  9989 | D:10     | Found a portal to a secret trove of treasure.
 10495 | D:11     | Identified the ring of Ravvuoch {^Contam rC+ MP+9 Str+5
                  | Dex+6}
 10704 | D:11     | Found a staircase to the Lair.
 10749 | D:11     | Found Toweonicib's Armour Emporium.
 10995 | D:11     | Noticed a skeletal warrior
 10995 | D:11     | Noticed a skeletal warrior
 11146 | D:11     | Noticed a skeletal warrior
 11149 | D:11     | Noticed a skeletal warrior
 11212 | D:11     | Killed a skeletal warrior
 11213 | D:11     | Reached skill level 9 in Conjurations
 11433 | D:11     | Killed a skeletal warrior
 11539 | D:11     | Killed a skeletal warrior
 11672 | D:11     | Killed a skeletal warrior
 11672 | D:11     | Reached **** piety under Vehumet
 11771 | D:11     | Noticed a skeletal warrior
 11859 | D:11     | Killed a skeletal warrior
 11902 | D:12     | Noticed a boulder beetle
 11911 | D:11     | Killed a boulder beetle
 11974 | Lair:1   | Entered Level 1 of the Lair of Beasts
 11979 | Lair:1   | Noticed Gastronok
 11988 | Lair:1   | Killed Gastronok
 11989 | Lair:1   | Reached XP level 12. HP: 96/96 MP: 16/23
 12065 | Lair:1   | Learned a level 5 spell: Freezing Cloud
 12150 | Lair:1   | You fall into a shaft and drop 1 floor!
 12150 | Lair:2   | Noticed a seven-headed hydra
 12319 | Lair:1   | Offered knowledge of Sticky Flame by Vehumet.
 12322 | Lair:1   | Reached skill level 10 in Conjurations
 12351 | Lair:1   | Noticed Maggie
 12367 | Lair:1   | Killed Maggie
 12602 | Lair:1   | Noticed Harold
 12617 | Lair:1   | Killed Harold
 12916 | Lair:2   | Found a staircase to the Shoals.
 12923 | Lair:2   | Killed a seven-headed hydra
 13072 | Lair:2   | Found a hole to the Spider Nest.
 13664 | Lair:2   | Reached ***** piety under Vehumet
 13811 | Lair:3   | Reached skill level 11 in Conjurations
 13811 | Lair:3   | Reached XP level 13. HP: 81/102 MP: 25/25
 13811 | Lair:3   | Offered knowledge of Yara's Violent Unravelling by Vehumet.
 13818 | Lair:3   | HP: 5/102 [hell rat (14)]
 13818 | Lair:3   | Slain by a hell rat

Illustrated notes

Levels and vault maps discovered:
D:1:      zaba_arrival_water, layout_basic,
          dreamdust_ecumenical_altar_hidden_monk_grotto
D:2:      layout_basic, corexii_corridor_pit, kennysheep_path_1,
          minmay_misc_feat_rows
D:3:      layout_basic, serial_shops, shop, serial_bayou_ford_a
D:4:      layout_rooms, kennysheep_small_circle, uniq_edmund, uniq_grinder
D:5:      layout_rooms, okawaru_ov_weapons_minmay, mainiacjoe_overflow_brackets,
          cheibriados_altar_1, minmay_temple_entry_statues_fountains,
          ebering_ghost_reflecting_pool, uniq_sigmund
D:6:      layout_basic, bloody_trog, chequers_serial_rivers_micro_e,
          st_stairs_6, nicolae_shop_clearance, uniq_blork_the_orc
D:7:      layout_loops_ring, mainiacjoe_overflow_large_starburst,
          gammafunk_ghost_abyssal_escape, uniq_joseph
D:8:      layout_basic, lemuel_tele_altar, gammafunk_ghost_smash
D:9:      layout_basic, erik_orc_1, uniq_psyche
D:10:     kennysheep_six_static_rooms, layout_small_grid,
          mainiacjoe_overflow_cross_hatched, lemuel_crystal_altar,
          nicolae_trove_entry_diagonal
D:11:     layout_loops_cross, due_lair_maze_entry_diamond, serial_shops, shop
D:12:     layout_loops_ring
Temple:   hellmonk_temple_forest_ring
Lair:1:   layout_roguey, uniq_maggie, uniq_harold, uniq_gastronok
Lair:2:   layout_small_grid, elwin_shoals_entry_rocks, spider_nest_entry_a
Lair:3:   layout_cave_pods, portal_ice_cave_entry_ice_simulacra,
          chequers_serial_rivers_small_a

Skill      XL: |  1  2  3  4  5  6  7  8  9 10 11 12 |
---------------+-------------------------------------+-----
Conjurations   | 1 2 3 4 5 7 8 9 11 | 11.0
Earth Magic    | 3 4 5 6 7 8 9 |  9.7
Spellcasting   | 2 3 4 6 7 8 9 |  9.4
Dodging        | |  1.5
Stealth        | |  1.0

Action                     |  1- 3 |  4- 6 |  7- 9 | 10-12 | 13-15 || total
---------------------------+-------+-------+-------+-------+-------++-------
  Melee: Unarmed           |   152 |   130 |   109 |       |       ||   391
         Punch             |     3 |     1 |       |       |       ||     4
         Staff             |       |       |       |    20 |       ||    20
   Cast: Sandblast         |       |    27 |    90 |    40 |     7 ||   164
         Stone Arrow       |       |       |    81 |   198 |     1 ||   280
         Foxfire           |       |       |    41 |    13 |       ||    54
         Brom's Barrelling |       |       |    23 |   102 |       ||   125
         Freezing Cloud    |       |       |       |    23 |       ||    23
  Evoke: Wand              |       |       |     5 |    12 |       ||    17
    Use: Potion            |       |     4 |     4 |     2 |       ||    10
         Scroll            |       |     7 |     2 |    13 |       ||    22
   Stab: Sleeping          |     4 |     1 |       |       |       ||     5
 Armour: Robe              |    89 |   131 |   269 |   116 |       ||   605
         Skin              |       |    13 |    28 |     1 |       ||    42
         Steam dragon scal |       |       |       |    26 |    11 ||    37
  Dodge: Dodged            |    71 |    85 |   165 |    66 |     1 ||   388
   Form: Flux              |       |     1 |       |       |       ||     1
                           |       |       |     1 |       |       ||     1

Table legend: (Time is in decaauts)
 A = Elapsed time spent in this place.
 B = Non-inter-level travel time spent in this place.
 C = Inter-level travel time spent in this place.
 D = Time resting spent in this place.
 E = Time spent auto-exploring this place.
 F = Levels seen in this place.
 G = Mean time per level.
                   A        B        C        D        E       F      G
               +--------+--------+--------+--------+--------+-----+--------+
         Total |  13927 |  13235 |    692 |   1562 |   8624 |  16 |  870.4 |
       Dungeon |  12060 |  11481 |    579 |   1393 |   7426 |  12 | 1005.0 |
        Temple |     16 |      9 |      7 |      0 |      0 |   1 |   16.0 |
          Lair |   1850 |   1745 |    105 |    169 |   1198 |   3 |  616.7 |
               +--------+--------+--------+--------+--------+-----+--------+

Top non-repeatable levels by time:
    D:11: 1527 daAuts
     D:9: 1402 daAuts
     D:4: 1326 daAuts
     D:6: 1239 daAuts
    D:10: 1232 daAuts
     D:8: 1165 daAuts
     D:1: 1074 daAuts
     D:7: 1037 daAuts
  Lair:2: 984 daAuts
  Lair:1: 851 daAuts
     D:5: 826 daAuts
     D:2: 669 daAuts
     D:3: 545 daAuts
  Temple: 16 daAuts
  Lair:3: 14 daAuts
